 Dungeon Crawl Stone Soup version 0.32-a0-918-g0f22ef8d61 (webtiles) character file.

Game seed: 1260949617489076558

933 Twinkles the Sneak (level 8, -5/49 (54) HPs)
             Began as an Octopode Shapeshifter on Apr 9, 2024.
             Slain by Eustachio
             ... wielding a +2 rapier of draining
              (8 damage)
             ... on level 6 of the Dungeon.
             The game lasted 00:11:45 (5136 turns).

Twinkles the Sneak (Octopode Shapeshifter)          Turns: 5136, Time: 00:11:46

HP:   -5/49 (54)    AC:  1    Str: 15    XL:     8   Next: 11%
MP:   8/8           EV: 13    Int: 18    God:
Gold: 189           SH:  0    Dex: 12    Spells: 7/7 levels left

rFire   . .          .
                       - Unarmed
rCold   . . .        m - +0 buckler
rNeg    . . .        (helmet currently unavailable)
rPois   .            (no amulet)
rElec   .            f - +6 ring of intelligence
rCorr   +            l - ring of wizardry
SInv    .            w - ring of resist corrosion
Will    +....        p - ring of willpower
Stlth   ++           (no ring)
HPRegen 0.28/turn    (no ring)
MPRegen 0.11/turn    (no ring)
                     (no ring)

%: wizardry (x1)
@: confused, mighty, beast-form, ambrosia-drunk, drained
A: beast (slay +2), almost no armour, amphibious, 8 rings, camouflage 1,
gelatinous body 1, (nimble swimmer 1), tentacles
a: Begin Untransformation


You were on level 6 of the Dungeon.
You were a hulking beast.
You visited 1 branch of the dungeon, and saw 6 of its levels.

You collected 189 gold pieces.

Inventory:

Hand Weapons
 D - a +2 dagger of freezing
Missiles
 e - 4 javelins (quivered)
 k - 10 poisoned darts
Armour
 m - a +0 buckler (worn)
Jewellery
 f - a +6 ring of intelligence (left tentacle)
 l - a ring of wizardry (right tentacle)
 p - a ring of willpower (on tentacle)
 w - a ring of resist corrosion (on tentacle)
 y - a ring of willpower
Talismans
 b - a beast talisman (active)
 c - a flux talisman
Wands
 d - a wand of digging (5)
 j - a wand of polymorph (11)
 q - a wand of flame (3)
Scrolls
 i - 2 scrolls of poison {unknown}
 n - 2 scrolls of fear {unknown}
 o - 2 scrolls of fog {unknown}
 r - 3 scrolls of vulnerability {unknown}
 t - 2 scrolls of blinking {unknown}
 u - a scroll of enchant weapon {unknown}
 v - a scroll of revelation {unknown}
 x - 2 scrolls of teleportation {unknown}
 B - a scroll of summoning {unknown}
 Z - 9 scrolls of identify
Potions
 s - a potion of brilliance {unknown}
 z - a potion of resistance {unknown}
 A - 2 potions of attraction
 C - a potion of mutation {unknown}
 P - a potion of lignification


   Skills:
 + Level 4.1 Fighting
 + Level 4.4 Dodging
 - Level 5.0 Stealth
 + Level 5.0 Unarmed Combat
 + Level 4.8 Shapeshifting


You had 7 spell levels left.
You didn't know any spells.
Your spell library was empty.

Dungeon Overview and Level Annotations

Branches:
Dungeon (6/15) Zot: 26968
 Temple: D:4-7

Altars:
Ashenzari
Dithmenos
Okawaru
Trog

Annotations:
D:2 Sigmund
D:3 exclusion: ogre
D:5 3 runed translucent doors, Ge0ff's ghost, novice CoCK; Ravn's ghost, amateur CoHu; Ravn's ghost, novice CoHu; beiberbarber's ghost, novice CoWn
D:6 Eustachio


Innate Abilities, Weirdness & Mutations

You are a hulking beast.
Your limbs bulge with bestial killing power. (Slay +2)
You cannot wear most types of armour.
You are amphibious.
You can wear up to eight rings at the same time.
Your skin changes colour to match your surroundings (Stealth+).
Your rubbery body absorbs attacks. (AC +1, EV +1)
((You are camouflaged when in or above water. (Stealth+)))
You have tentacles for arms and can constrict up to eight enemies at once.


Message History

Eustachio barely misses you. The rat barely misses you.
It was a potion of ambrosia.
You are confused.
You feel invigorated. The river rat bites you.
* * * LOW HITPOINT WARNING * * *
The river rat barely misses you.
Eustachio casts a spell.
Eustachio blinks!
The rat closely misses you.
You closely miss the rat. The river rat closely misses you.
The river rat barely misses you.
Eustachio mumbles some strange words.
Eustachio blinks!
The rat bites you but does no damage. x2
You tentacle-slap the rat.
You kill the rat!
The rat's corpse disappears in a puff of smoke!
The river rat bites you.
* * * LOW HITPOINT WARNING * * *
The river rat closely misses you.
Eustachio twirls his moustache.
The rat bites you but does no damage.
You're too confused to move!
The river rat bites you.
* * * LOW HITPOINT WARNING * * *
The river rat closely misses you. The rat completely misses you.
You bump into the rock wall.
The river rat closely misses you. The river rat bites you. The rat bites you.
* * * LOW HITPOINT WARNING * * *
You bump into the rock wall.
The river rat bites you.
* * * LOW HITPOINT WARNING * * *
The river rat bites you.
* * * LOW HITPOINT WARNING * * *
The rat barely misses you.
You bludgeon Eustachio!
Eustachio is severely wounded.
The river rat bites you.
* * * LOW HITPOINT WARNING * * *
The river rat bites you!
* * * LOW HITPOINT WARNING * * *
Eustachio hits you with a +2 rapier of draining!
You die...
Eustachio twirls his moustache.

#####
########r..#
......rhr..#
..######@..#
##.## ##...##
##.#.#.#######.#
.................
#.#.#.#.#.######
#.##...#...#####
# ##....#.......


You could see Eustachio, 2 river rats and a rat (summoned).

Vanquished Creatures
  2 black bears
  2 phantoms
  A bullfrog (D:4)
  2 scorpions
  3 sleepcaps
  Ijyb (D:3)
  3 iguanas
  8 gnolls
  6 adders
  6 dart slugs
  5 ribbon worms
  An orc (D:5)
  10 ball pythons
  3 bats
  6 endoplasms
  4 giant cockroaches
  6 goblins
  7 hobgoblins
  8 jackals
  7 kobolds
  5 quokkas
  4 frilled lizards
  5 rats
105 creatures vanquished.

Notes
Turn   | Place    | Note
-------+----------+-------------------------------------------
     0 | D:1      | Twinkles the Octopode Shapeshifter began the quest for the
                  | Orb.
     0 | D:1      | Reached XP level 1. HP: 13/13 MP: 1/1
    64 | D:1      | Reached XP level 2. HP: 13/18 MP: 2/2
   920 | D:1      | Reached XP level 3. HP: 23/23 MP: 3/3
  1204 | D:2      | Reached skill level 1 in Stealth
  1307 | D:2      | Noticed Sigmund
  1476 | D:2      | Reached XP level 4. HP: 29/29 MP: 4/4
  1950 | D:3      | Noticed Ijyb
  1988 | D:3      | Killed Ijyb
  1989 | D:3      | Reached XP level 5. HP: 30/34 MP: 5/5
  2245 | D:3      | Noticed an ogre
  3032 | D:4      | Reached XP level 6. HP: 26/41 MP: 6/6
  3194 | D:4      | Found an iron altar of Okawaru.
  3237 | D:4      | HP: 13/42 [poisoned by a scorpion]
  3242 | D:4      | HP: 6/42 [poisoned by a scorpion]
  3518 | D:4      | Noticed a black bear
  3523 | D:4      | Killed a black bear
  3524 | D:4      | Reached XP level 7. HP: 26/46 MP: 7/7
  4177 | D:5      | Entered Level 5 of the Dungeon
  4177 | D:5      | Found a bloodstained altar of Trog.
  4301 | D:5      | Found a broken altar of Ashenzari.
  4301 | D:5      | Found a shadowy altar of Dithmenos.
  4545 | D:5      | Reached skill level 5 in Stealth
  4545 | D:5      | Reached XP level 8. HP: 47/54 MP: 8/8
  4554 | D:5      | Reached skill level 5 in Unarmed Combat
  4612 | D:5      | Found a runed translucent gate.
  4613 | D:5      | Found a runed translucent gate.
  4614 | D:5      | Found a runed translucent gate.
  4615 | D:5      | Noticed Ravn's ghost (amateur CoHu)
  4637 | D:5      | Noticed beiberbarber's ghost (novice CoWn)
  4638 | D:5      | Noticed Ravn's ghost (novice CoHu)
  4638 | D:5      | Noticed Ravn's ghost (novice CoHu)
  4793 | D:5      | Noticed Ge0ff's ghost (novice CoCK)
  5116 | D:6      | Noticed Eustachio
  5127 | D:6      | HP: 16/51 [river rat[Eustachio] (3)]
  5128 | D:6      | HP: 5/51 [Eustachio/+2 rapier of draining (6)]
  5133 | D:6      | HP: 13/49 [river rat[Eustachio] (2)]
  5136 | D:6      | HP: 3/49 [river rat[Eustachio] (9)]
  5136 | D:6      | Slain by Eustachio

Illustrated notes

Levels and vault maps discovered:
D:1:      elethiomel_arrival_maze, layout_basic, chequers_hall_statues_corner_a,
          minmay_hexomino_r4
D:2:      layout_rooms, serial_curves, eino_curves_01, eino_curves_01,
          eino_curves_02, eino_curves_01, uniq_sigmund
D:3:      layout_loops_corners, grunt_ministairs_13, guppyfry_early_lair_pool,
          uniq_ijyb
D:4:      layout_gridville, minmay_ruined_shrine
D:5:      layout_basic, grunt_temple_overflow_open, mainiacjoe_overflow_catwalk,
          gammafunk_ghost_cemetery, serial_bayou_crossing
D:6:      layout_loops_ring, serial_shops, shop, uniq_eustachio

Skill      XL: |  1  2  3  4  5  6  7  8 |
---------------+-------------------------+-----
Stealth        | 1 2 3 5 |  5.0
Fighting       | 2 3 4 |  4.1
Dodging        | 3 4 |  4.4
Unarmed Combat | 4 5 |  5.0
Shapeshifting  | 4 |  4.8

Action                     |  1- 3 |  4- 6 |  7- 9 || total
---------------------------+-------+-------+-------++-------
  Melee: Unarmed           |    73 |    81 |    65 ||   219
         Constrict         |    21 |    24 |    15 ||    60
         Tentacles         |    17 |    25 |    14 ||    56
         Punch             |     3 |     4 |     5 ||    12
    Use: Potion            |       |       |     2 ||     2
         Scroll            |       |       |     1 ||     1
   Stab: Sleeping          |     6 |    12 |     4 ||    22
 Armour: Skin              |    18 |    28 |    40 ||    86
  Dodge: Dodged            |    45 |    30 |    51 ||   126
  Block: Buckler           |       |     4 |     7 ||    11

Table legend: (Time is in decaauts)
 A = Elapsed time spent in this place.
 B = Non-inter-level travel time spent in this place.
 C = Inter-level travel time spent in this place.
 D = Time resting spent in this place.
 E = Time spent auto-exploring this place.
 F = Levels seen in this place.
 G = Mean time per level.
                   A        B        C        D        E       F      G
               +--------+--------+--------+--------+--------+-----+--------+
         Total |   5122 |   4859 |    263 |    274 |   3730 |   6 |  853.7 |
       Dungeon |   5122 |   4859 |    263 |    274 |   3730 |   6 |  853.7 |
               +--------+--------+--------+--------+--------+-----+--------+

Top non-repeatable levels by time:
     D:1: 1211 daAuts
     D:3: 1184 daAuts
     D:4: 1111 daAuts
     D:5: 926 daAuts
     D:2: 659 daAuts
     D:6: 30 daAuts
